 Dungeon Crawl Stone Soup version 0.29.0-4-gdea44cf6ec (webtiles) character file.

Game seed: 7127133911278565904

1907 qw the Cleaver (level 9, 0/55 HPs)
             Began as a Gargoyle Fighter on Sept 9, 2022.
             Was a Follower of Okawaru.
             Slain by a gnoll
             ... wielding a +3 spear
             ... led by a gnoll bouda
              (7 damage)
             ... on level 6 of the Dungeon.
             The game lasted 00:01:56 (5437 turns).

qw the Cleaver (Gargoyle Fighter)                   Turns: 5437, Time: 00:01:57

Health: 0/55       AC: 23    Str: 23    XL:     9   Next: 16%
Magic:  10/12      EV:  8    Int: 10    God:    Okawaru [*.....]
Gold:   144        SH:  5    Dex:  9    Spells: 8/8 levels left

rFire   . . .      SeeInvis .   Y - +0 war axe (freeze)
rCold   . . .      Faith    .   c - +0 buckler
rNeg    + . .      Spirit   .   q - +0 plate armour
rPois   inf        Reflect  .   r - +0 helmet
rElec   +          Harm     .   (no cloak)
rCorr   .          Rampage  .   s - +0 pair of gloves
Will    .....                   (no boots)
Stlth   ..........              (no amulet)
HPRegen 0.18/turn               (no ring)
MPRegen 0.13/turn               (no ring)

@: heroic
A: sickness immunity, AC +6, negative energy resistance 1, electricity
resistance, torment resistance 1, petrification resistance
a: Renounce Religion, Heroism


You were on level 6 of the Dungeon.
You worshipped Okawaru.
Okawaru was aware of your devotion.
You visited 2 branches of the dungeon, and saw 7 of its levels.

You collected 332 gold pieces.
You spent 188 gold pieces at shops.


Innate Abilities, Weirdness & Mutations

You are immune to sickness and miasma.
Your stone body is resilient. (AC +6)
You are immune to poison.
You resist negative energy. (rN+)
You are resistant to electric shocks. (rElec)
You are resistant to unholy torment.
You are immune to petrification.


   Skills:
 + Level 5.7(10.7) Fighting
 - Level 8.0(13.0) Axes
 - Level 2.4(7.4) Throwing
 - Level 5.1(10.1) Armour
 - Level 1.9(6.9) Dodging
 - Level 3.2(8.2) Shields
 - Level 4.0 Invocations


You had 8 spell levels left.
You didn't know any spells.
Your spell library was empty.

Inventory:

Hand Weapons
 l - a +0 morningstar
 Y - a +0 war axe of freezing (weapon)
Missiles
 b - 10 boomerangs (quivered)
Armour
 c - a +0 buckler (worn)
 q - a +0 plate armour (worn)
 r - a +0 helmet (worn)
 s - a +0 pair of gloves (worn)
Jewellery
 a - a ring of ice
Scrolls
 g - a scroll of blinking
 i - 2 scrolls of identify
Potions
 d - 2 potions of might
 f - 2 potions of curing
 k - 2 potions of resistance
 m - a potion of haste
 n - a potion of attraction
 o - a potion of mutation

Dungeon Overview and Level Annotations

Branches:
Dungeon (6/15)             Temple (1/1) D:4

Altars:
Ashenzari
Cheibriados
Elyvilon
Fedhas
Gozag
Hepliaklqana
Kikubaaqudgha
Makhleb
Okawaru
Uskayaw
Vehumet
Yredelemnul

Shops:
D:5 =[[


Message History

The wight is almost destroyed.
The wight hits you with a +3 halberd.
You hit the wight but do no damage.
The wight is almost destroyed.
The wight zaps a wand.
The mass of ice explodes!
The iceblast engulfs you.
The iceblast engulfs the wight!
The wight partially resists.
The wight is destroyed!
You start resting.
A gnoll bouda is nearby!
You hit the gnoll bouda but do no damage.
You block the gnoll bouda's attack.
You barely miss the gnoll bouda. You block the gnoll bouda's attack.
You closely miss the gnoll bouda.
The gnoll bouda hits you but does no damage.
You hit the gnoll bouda. You freeze the gnoll bouda.
The gnoll bouda is lightly wounded.
You block the gnoll bouda's attack.
You hit the gnoll bouda but do no damage.
The gnoll bouda is lightly wounded.
You feel like a meek peon again.
5434 ||| INVOKING Heroism.
You gain the combat prowess of a mighty hero.
The gnoll bouda barks out a call to the hunt!
The gnoll picks up the pace!
You barely miss the gnoll bouda.
The gnoll bouda is lightly wounded.
The gnoll bouda hits you but does no damage.
The gnoll hits you but does no damage.
You hit the gnoll bouda. You freeze the gnoll bouda.
The gnoll bouda is moderately wounded.
The gnoll bouda hits you but does no damage.
You block the gnoll's attack.
You slash the gnoll bouda! You freeze the gnoll bouda.
You kill the gnoll bouda!
Okawaru accepts your kill.
You hit the gnoll. You freeze the gnoll. The gnoll hits you but does no damage.
The gnoll hits you from afar with a +3 spear!
You die...

#.##.%..#### #.##.#.....#
########....#..##.#
..............>##.#
#.######........#.# #.#
#........#.#
#.#######.......#.#
......# #.)#....#)###
#.###.# #..#...)@)).#
#.....# ...#.#gg#.#)#
#.#.#...#........)......#
#.#.#..##..#.#....#.##.##
......... # ##.###.# #
#.#....## ... #.#
..#.#..# ..(. ..#
....#.... .##. ###
......... ..


You could see 2 gnolls.

Vanquished Creatures
  Pikel (D:4)
  Sigmund (D:2)
  Edmund (D:4)
  A water moccasin (D:6)
  A sky beast (D:6)
  An ogre (D:4)
  A phantom (D:4)
  2 scorpions (D:5)
  A gnoll sergeant (D:6)
  A wight (D:6)
  3 howler monkeys
  5 jellies
  A gnoll bouda (D:6)
  2 iguanas
  5 gnolls (D:6)
  8 adders
  2 white imps
  An ufetubus (D:6)
  2 worms
  2 dart slugs (D:2)
  11 orcs
  4 ball pythons
  5 endoplasms
  3 giant cockroaches
  9 goblins
  5 hobgoblins
  A jackal (D:2)
  7 quokkas
  5 bats
  A frilled lizard (D:3)
  5 kobolds
  6 rats
104 creatures vanquished.

Vanquished Creatures (others)
  2 wights (D:6)
  9 plants
11 creatures vanquished.

Grand Total: 115 creatures vanquished

Notes
Turn   | Place    | Note
-------+----------+-------------------------------------------
     0 | D:1      | qw the Gargoyle Fighter began the quest for the Orb.
     0 | D:1      | Reached XP level 1. HP: 14/14 MP: 1/1
     0 | D:1      | 0 ||| qw: Version: 0.1-a-113-g051387a
     0 | D:1      | 0 ||| qw: Game counter: 7232
     0 | D:1      | 0 ||| qw: Always use a shield: true
     0 | D:1      | 0 ||| qw: God list: Okawaru
     0 | D:1      | 0 ||| qw: Allow faded altars: false
     0 | D:1      | 0 ||| qw: Do Orc after D:15 true
     0 | D:1      | 0 ||| qw: Do second Lair branch before Depths: true
     0 | D:1      | 0 ||| qw: Lair rune preference: random
     0 | D:1      | 0 ||| qw: Plans: Normal, Zot, God:TSO, Crypt, Tomb, Zig,
                  | Orb
     0 | D:1      | 0 ||| PLANNING D:1-11
    92 | D:1      | Reached skill level 2 in Axes
   266 | D:1      | 266 ||| DROPPING +0 club.
   446 | D:1      | Reached XP level 2. HP: 18/19 MP: 2/2
   584 | D:1      | 584 ||| Stepping ~*~*~tactically~*~*~ (water).
   854 | D:1      | 854 ||| READING scroll labelled ONONIG XOMEIQ.
   855 | D:1      | 855 ||| READING 3 scrolls labelled ZIKEOH AVEST.
   856 | D:1      | 856 ||| DRINKING 2 cyan potions.
   857 | D:1      | 857 ||| READING 2 scrolls of identify.
   857 | D:1      | 857 ||| IDENTIFYING viscous dark potion
   858 | D:1      | 858 ||| DROPPING potion of brilliance.
   913 | D:2      | Noticed Sigmund
   922 | D:2      | Killed Sigmund
   923 | D:2      | Reached skill level 5 in Axes
   923 | D:2      | Reached XP level 3. HP: 11/23 MP: 3/3
   923 | D:2      | Reached XP level 4. HP: 13/28 MP: 4/4
   923 | D:2      | Reached XP level 5. HP: 15/32 MP: 5/5
  1160 | D:2      | Found a snail-covered altar of Cheibriados.
  1173 | D:2      | 1173 ||| Stepping ~*~*~tactically~*~*~ (hiding).
  1345 | D:2      | 1345 ||| Stepping ~*~*~tactically~*~*~ (stealth).
  1423 | D:2      | 1423 ||| Stepping ~*~*~tactically~*~*~ (stealth).
  1425 | D:2      | 1425 ||| Stepping ~*~*~tactically~*~*~ (hiding).
  1429 | D:2      | 1429 ||| Stepping ~*~*~tactically~*~*~ (hiding).
  2032 | D:2      | 2032 ||| UPGRADING to +0 chain mail.
  2042 | D:2      | 2042 ||| DROPPING +0 scale mail.
  2043 | D:2      | 2043 ||| READING scroll labelled EMAITA YFUOTAZECI.
  2043 | D:2      | Identified a scroll of acquirement
  2043 | D:2      | 2043 ||| ACQUIRING ring of ice
  2043 | D:2      | Acquired a ring of ice
  2045 | D:2      | 2045 ||| READING scroll labelled RUMERCHEYRY.
  2046 | D:2      | 2046 ||| DRINKING 2 silvery potions.
  2047 | D:2      | 2047 ||| READING 2 scrolls of identify.
  2047 | D:2      | 2047 ||| IDENTIFYING lumpy grey potion
  2287 | D:3      | Reached XP level 6. HP: 38/38 MP: 6/6
  2384 | D:3      | Found a hazy altar of Hepliaklqana.
  2482 | D:3      | 2482 ||| Stepping ~*~*~tactically~*~*~ (stealth).
  2489 | D:3      | Reached skill level 1 in Throwing
  2763 | D:3      | 2763 ||| READING scroll labelled ANUJAXY PO GAN.
  2764 | D:3      | 2764 ||| READING scroll labelled GUPIWU TENAEDD.
  2765 | D:3      | 2765 ||| READING 2 scrolls of identify.
  2765 | D:3      | 2765 ||| IDENTIFYING lumpy silvery potion
  2766 | D:3      | 2766 ||| DROPPING potion of degeneration.
  2896 | D:4      | 2896 ||| Stepping ~*~*~tactically~*~*~ (stealth).
  2915 | D:4      | 2915 ||| Stepping ~*~*~tactically~*~*~ (stealth).
  2916 | D:4      | 2916 ||| Stepping ~*~*~tactically~*~*~ (stealth).
  3188 | D:4      | Noticed Pikel
  3203 | D:4      | HP: 9/38 [Pikel/+2 whip of freezing (9)]
  3204 | D:4      | 3204 ||| DRINKING potion of heal wounds.
  3208 | D:4      | Killed Pikel
  3209 | D:4      | Reached skill level 7 in Axes
  3209 | D:4      | Reached XP level 7. HP: 38/43 MP: 7/7
  3245 | D:4      | 3245 ||| DROPPING +0 mace.
  3269 | D:4      | Found a staircase to the Ecumenical Temple.
  3270 | D:4      | 3270 ||| PLANNING TEMPLE
  3270 | D:4      | 3270 ||| READING scroll labelled GIGO ZAUDE.
  3271 | D:4      | 3271 ||| READING scroll labelled PEADGH KOIRY.
  3272 | D:4      | 3272 ||| READING 2 scrolls of identify.
  3272 | D:4      | 3272 ||| IDENTIFYING metallic inky potion
  3279 | Temple   | Entered the Ecumenical Temple
  3313 | Temple   | Became a worshipper of Warmaster Okawaru
  3316 | Temple   | 3316 ||| PLANNING D:1-11
  3379 | D:4      | Noticed Edmund
  3397 | D:4      | HP: 3/43 [Edmund/+6 flail of protection (8)]
  3398 | D:4      | Killed Edmund
  3399 | D:4      | Reached skill level 1 in Dodging
  3399 | D:4      | Reached XP level 8. HP: 4/48 MP: 8/8
  3675 | D:4      | 3675 ||| DROPPING +2 whip of freezing.
  3987 | D:5      | Entered Level 5 of the Dungeon
  4044 | D:5      | Found a white marble altar of Elyvilon.
  4079 | D:5      | Reached * piety under Okawaru
  4222 | D:5      | 4222 ||| Stepping ~*~*~tactically~*~*~ (stealth).
  4225 | D:5      | 4225 ||| Stepping ~*~*~tactically~*~*~ (stealth).
  4238 | D:5      | 4238 ||| DROPPING +6 flail of protection.
  4254 | D:5      | Reached skill level 1 in Invocations
  4279 | D:5      | Identified the +10 long sword of Hesaipn {venom, rElec}
  4334 | D:5      | 4334 ||| INVOKING Heroism.
  4491 | D:5      | Found a broken altar of Ashenzari.
  4566 | D:5      | Found Plog's Armour Emporium.
  4567 | D:5      | Found Ebydurr's Antique Armour Shop.
  4567 | D:5      | Found Xuaps's Jewellery Shop.
  4571 | D:5      | 4571 ||| BUYING helmet (130 gold).
  4571 | D:5      | Bought a helmet for 130 gold pieces
  4571 | D:5      | 4571 ||| SHOPLISTING runed chain mail (217 gold, have 147).
  4571 | D:5      | 4571 ||| SHOPLISTING runed plate armour (754 gold, have
                  | 147).
  4575 | D:5      | 4575 ||| SHOPLISTING +4 ring of evasion (504 gold, have
                  | 147).
  4575 | D:5      | 4575 ||| SHOPLISTING amulet of regeneration (420 gold, have
                  | 147).
  4575 | D:5      | 4575 ||| SHOPLISTING ring of ice (350 gold, have 147).
  4575 | D:5      | 4575 ||| SHOPLISTING ring of positive energy (280 gold,
                  | have 147).
  4575 | D:5      | 4575 ||| SHOPLISTING ring of willpower (350 gold, have
                  | 147).
  4601 | D:5      | 4601 ||| BUYING +0 pair of gloves (58 gold).
  4601 | D:5      | Bought a +0 pair of gloves for 58 gold pieces
  4601 | D:5      | 4601 ||| SHOPLISTING +1 pair of boots of rampaging (214
                  | gold, have 89).
  4601 | D:5      | 4601 ||| SHOPLISTING +1 pair of gloves (149 gold, have 89).
  4601 | D:5      | 4601 ||| SHOPLISTING +5 chain mail of Terrible Salvation
                  | {+Inv rPois rF+ rN+} (765 gold, have 89).
  4914 | D:5      | 4914 ||| INVOKING Heroism.
  4916 | D:5      | Reached skill level 8 in Axes
  4917 | D:5      | 4917 ||| Stepping ~*~*~tactically~*~*~ (stealth).
  5014 | D:5      | 5014 ||| UPGRADING to +0 plate armour.
  5024 | D:5      | 5024 ||| DROPPING +0 chain mail.
  5025 | D:5      | 5025 ||| UPGRADING to +0 helmet.
  5030 | D:5      | 5030 ||| UPGRADING to +0 pair of gloves.
  5035 | D:5      | 5035 ||| READING scroll labelled FEUNUU NUOMUIH.
  5036 | D:5      | 5036 ||| READING scroll labelled MISIAT USOKH.
  5037 | D:5      | 5037 ||| READING scroll labelled NEBLE FIJYE.
  5042 | D:5      | 5042 ||| READING 3 scrolls of identify.
  5042 | D:5      | 5042 ||| IDENTIFYING sapphire potion
  5043 | D:5      | 5043 ||| READING 2 scrolls of identify.
  5043 | D:5      | 5043 ||| IDENTIFYING purple potion
  5067 | D:6      | 5067 ||| PLANNING SEWER
  5069 | D:6      | 5069 ||| Stepping ~*~*~tactically~*~*~ (stealth).
  5086 | D:6      | 5086 ||| INVOKING Heroism.
  5143 | D:6      | 5143 ||| INVOKING Heroism.
  5146 | D:6      | Reached skill level 3 in Invocations
  5157 | D:6      | Reached XP level 9. HP: 46/54 MP: 8/11
  5314 | D:6      | 5314 ||| Stepping ~*~*~tactically~*~*~ (stealth).
  5386 | D:6      | 5386 ||| Stepping ~*~*~tactically~*~*~ (stealth).
  5387 | D:6      | 5387 ||| Stepping ~*~*~tactically~*~*~ (stealth).
  5389 | D:6      | 5389 ||| Stepping ~*~*~tactically~*~*~ (stealth).
  5391 | D:6      | 5391 ||| Stepping ~*~*~tactically~*~*~ (hiding).
  5402 | D:6      | 5402 ||| Stepping ~*~*~tactically~*~*~ (stealth).
  5404 | D:6      | 5404 ||| Stepping ~*~*~tactically~*~*~ (hiding).
  5407 | D:6      | 5407 ||| INVOKING Heroism.
  5415 | D:6      | HP: 12/54 [wight/iceblast (6)]
  5425 | D:6      | HP: 9/54 [wight/+3 halberd (4)]
  5434 | D:6      | 5434 ||| INVOKING Heroism.
  5437 | D:6      | Slain by a gnoll

Levels and vault maps discovered:
D:1:      dpeg_arrival_castle, layout_rooms, chequers_big_river, st_stairs_9
D:2:      minmay_recursive_quarters, layout_basic, basic_altar, uniq_sigmund
D:3:      layout_loops_corners, nicolae_hepliaklqana_hazy_memory
D:4:      layout_loops_ring, temple_green, chequers_serial_rivers_micro_c,
          uniq_pikel, uniq_edmund
D:5:      layout_cave_pods, marbit_many_paths, elyvilon_altar_3,
          nicolae_wooded_promenade, minmay_misc_feat_tower, roderic_lattice_a,
          solitary_fountain
D:6:      layout_basic, portal_sewer_entry_b, due_unseen_surprise
Temple:   jpeg_temple_alley_garden

Skill      XL: |  1  2  3  4  5  6  7  8  9 |
---------------+----------------------------+-----
Axes           | 2 5 7 8 |  8.0
Throwing       | 1 2 |  2.4
Fighting       | 4 5 |  5.7
Dodging        | 1 |  1.9
Invocations    | 3 4 |  4.0
Armour         | 4 5 |  5.1
Shields        | |  3.2

Action                   |  1- 3 |  4- 6 |  7- 9 || total
-------------------------+-------+-------+-------++-------
Melee: War axe           |    61 |    78 |   140 ||   279
Throw: Javelin           |       |    34 |    38 ||    72
       Boomerang         |       |     1 |    27 ||    28
Invok: Heroism           |       |       |     6 ||     6
  Use: Scroll            |     3 |     6 |     8 ||    17
       Potion            |     1 |     2 |       ||     3
Armor: Scale mail        |    43 |    11 |       ||    54
       Chain mail        |       |    17 |    37 ||    54
       Plate armour      |       |       |    40 ||    40
Dodge: Dodged            |    37 |    23 |    36 ||    96
Block: Buckler           |    12 |    10 |    23 ||    45

Table legend:
 A = Non-vault XP
 B = Vault XP
 C = Vault XP percentage of total XP
 D = Non-vault monster count
 E = Vault monster count
 F = Vault count percentage of total count
                 A         B        C        D         E       F
            +---------+---------+-------+---------+---------+-------
      Total |    1709 |    1055 |  38.2 |      92 |      14 |  13.2
            +---------+---------+-------+---------+---------+-------
        D:1 |      21 |       6 |  22.2 |      13 |       3 |  18.8
        D:2 |      29 |     255 |  89.8 |      11 |       8 |  42.1
        D:3 |      42 |       0 |   0.0 |      15 |       0 |   0.0
        D:4 |     306 |     791 |  72.1 |      16 |       2 |  11.1
        D:5 |     491 |       3 |   0.6 |      18 |       1 |   5.3
        D:6 |     820 |       0 |   0.0 |      19 |       0 |   0.0
            +---------+---------+-------+---------+---------+-------
